Map: Pillars of Gold LE

Players

Dream

  • Race: Terran Terran
  • Spawn Location: 1:00

LiquidClem (Clem) - Winner!

  • Race: Terran Terran
  • Spawn Location: 7:00

Event: Cheeseadelphia Winter Championship 2021

VOD

Have the link to the VOD?

Description

Time

  • Played on: Jan. 23, 2021, 5:56 p.m.
  • Length: 12:56

All games in this series

Show
View Real Time Build Order
Export as new Build Order

Dream Terran 

Build Orders: Cyclone Opening 

Get SALT Encoding   

  12  0:00  SCV  
  13  0:12  SCV  
  14  0:17  Supply Depot  
  14  0:24  SCV  
  15  0:39  SCV  
  15  0:40  Barracks  
  16  0:45  Refinery  
  16  0:51  SCV  
  16  0:55  Refinery  
  17  1:03  SCV  
  18  1:15  SCV  
  19  1:28  Orbital Command, Reaper  
  19  1:30  Supply Depot  
  20  1:43  Factory  
  20  1:54  SCV  
  20  2:00  Reaper  
  22  2:06  SCV  
  23  2:18  SCV  
  24  2:23  Command Center  
  24  2:27  Factory Tech Lab  
  24  2:30  SCV  
  25  2:37  Starport  
  25  2:43  SCV  
  26  2:48  Cyclone  
  29  2:55  Supply Depot  
  29  2:59  SCV  
  29  3:00  Barracks Tech Lab  
  29  3:11  SCV  
  29  3:20  Refinery  
  29  3:22  Banshee  
  29  3:23  SCV  
  33  3:32  Siege Tank  
  36  3:37  Orbital Command  
  36  3:39  SCV  
  37  3:42  Barracks Reactor  
  37  3:52  SCV  
  38  4:03  SCV  
  38  4:04  SCV  
  38  4:07  Raven  
  42  4:15  SCV  
  42  4:16  Supply Depot, SCV  
  44  4:20  Marine x2  
  44  4:23  Siege Tank  
  49  4:28  SCV x2  
  51  4:39  Command Center  
  51  4:41  SCV x2  
  51  4:44  Marine x2  
  47  4:55  SCV x2  
  47  4:56  Raven  
  46  5:02  Marine x2  
  46  5:07  SCV x2  
  48  5:18  Siege Tank  
  48  5:19  Marine  
  48  5:20  Marine  
  49  5:22  SCV  
  49  5:24  SCV  
  51  5:34  SCV  
  52  5:36  SCV  
  52  5:40  Marine x2  
  55  5:45  Raven  
  55  5:46  SCV  
  55  5:48  SCV  
  59  5:56  Orbital Command  
  56  5:59  SCV  
  56  6:00  SCV  
  56  6:01  Refinery, Siege Tank  
  56  6:02  Marine  
  62  6:07  Supply Depot  
  62  6:11  SCV  
  63  6:12  SCV  
  64  6:22  Engineering Bay  
  64  6:23  Engineering Bay, SCV x2  
  64  6:24  SCV  
  67  6:34  Siege Tank  
  67  6:35  SCV x2  
  72  6:42  Viking x2  
  72  6:43  Stimpack  
  72  6:45  SCV  
  77  6:47  SCV x2  
  77  6:50  Marine  
  80  6:57  SCV  
  80  6:59  SCV  
  82  7:02  Terran Infantry Armor Level 1  
  82  7:04  Barracks, Terran Infantry Weapons Level 1  
  82  7:05  Barracks  
  82  7:07  Supply Depot  
  82  7:10  Supply Depot, SCV  
  82  7:11  Orbital Command  
  82  7:12  SCV  
  85  7:18  Marine  
  85  7:28  SCV x2, Siege Tank  
  90  7:33  Supply Depot  
  90  7:34  Supply Depot  
  90  7:35  Supply Depot  
  90  7:36  Marine  
  91  7:40  SCV  
  93  7:46  SCV  
  92  7:53  SCV, Marine  
  92  7:55  Barracks Reactor  
  92  7:56  Barracks Reactor  
  89  8:01  SCV  
  77  8:06  SCV  
  77  8:09  Siege Tank  
  77  8:11  Marine  
  81  8:13  SCV  
  81  8:18  SCV, Viking x2  
  81  8:19  Orbital Command  
  87  8:23  Refinery  
  87  8:29  Marine  
  87  8:32  Missile Turret  
  85  8:35  SCV  
  85  8:36  SCV  
  85  8:37  Marine  
  85  8:38  Marine x3  
  90  8:44  SCV  
  90  8:47  Marine  
  90  8:48  SCV x2  
  94  8:50  Viking  
  94  8:51  Viking  
  94  8:55  Siege Tank  
  101  8:56  SCV, Marine x2  
  101  8:59  Marine  
  101  9:00  SCV  
  106  9:04  Barracks  
  106  9:06  Barracks  
  106  9:08  Armory  
  106  9:12  SCV  
  106  9:13  Combat Shield, SCV  
  106  9:14  SCV  
  109  9:18  Marine x2  
  109  9:19  Refinery  
  109  9:20  Refinery, Marine  
  109  9:21  Marine  
  112  9:28  SCV x2  
  112  9:29  Marine  
  110  9:35  Marine  
  110  9:36  Marine  
  105  9:38  Siege Tank, Marine  
  105  9:39  Marine  
  105  9:41  SCV x2  
  110  9:47  Marine  
  110  9:53  Marine x3  
  110  9:55  Marine  
  110  9:56  SCV x3, Marine  
  110  9:57  Marine  
  102  10:04  Marine  
  102  10:08  SCV x3  
  102  10:10  Siege Tank  
  102  10:11  Terran Infantry Weapons Level 2, Marine x2  
  102  10:14  Barracks Reactor x2, Marine x2  
  110  10:20  SCV x3  
  115  10:22  Marine  
  115  10:28  Medivac x2  
  120  10:30  Marine  
  120  10:31  Marine  
  120  10:32  SCV x2  
  120  10:33  SCV  
  125  10:36  Marine  
  125  10:38  Marine  
  125  10:45  SCV x3  
  125  10:46  Marine  
  125  10:48  Marine  
  125  10:49  Marine  
  108  10:53  Marine x2  
  108  10:54  Marine  
  98  10:58  SCV x2  
  102  11:04  Marine  
  102  11:05  Marine  
  102  11:06  Marine x2  
  102  11:08  Marine  
  102  11:09  Marine  
  102  11:10  Marine  
  109  11:11  Medivac  
  109  11:12  Medivac  
  109  11:13  Siege Tank  
  109  11:17  Marine  
  109  11:18  Marine  
  115  11:22  Marine  
  115  11:23  Sensor Tower  
  115  11:24  Refinery  
  117  11:26  Marine x3  
  117  11:28  Marine  
  117  11:29  Marine x2  
  123  11:35  Marine  
  123  11:36  Marine  
  125  11:43  Marine x2  
  125  11:44  Marine  
  125  11:45  Siege Tank, Marine  
  125  11:46  Marine  
  115  11:48  Marine  
  115  11:53  Marine  
  115  11:54  Marine  
  102  11:58  Medivac  
  102  12:01  Marine x2  
  97  12:02  Marine  
  97  12:04  Marine x2  
  97  12:06  Medivac  
  100  12:11  Marine x4  
  104  12:17  Siege Tank  
  104  12:18  Marine  
  104  12:19  Marine x2  
  104  12:22  Marine  
  111  12:25  Marine  
  111  12:28  Marine  
  111  12:29  Marine x3  
  116  12:36  Marine  
  117  12:37  Marine x2  
Show
View Real Time Build Order
Export as new Build Order

LiquidClem Terran - Winner!

Build Orders:  

Get SALT Encoding   

  12  0:00  SCV  
  13  0:12  SCV  
  14  0:17  Supply Depot  
  14  0:24  SCV  
  15  0:39  SCV  
  15  0:40  Barracks  
  16  0:45  Refinery  
  16  0:51  SCV  
  16  0:55  Refinery  
  17  1:03  SCV  
  18  1:15  SCV  
  19  1:26  Reaper  
  19  1:27  Orbital Command  
  19  1:29  Supply Depot  
  20  1:43  Factory  
  20  1:53  SCV  
  21  1:58  Reaper  
  22  2:05  SCV  
  23  2:20  Command Center  
  23  2:22  SCV  
  24  2:28  Hellion  
  26  2:34  SCV  
  26  2:35  Barracks Reactor  
  27  2:43  Starport  
  27  2:46  SCV  
  27  2:49  Widow Mine  
  30  2:53  Supply Depot  
  30  2:58  SCV  
  29  3:10  SCV  
  29  3:11  Factory Tech Lab  
  30  3:13  Marine  
  30  3:15  Marine  
  32  3:23  SCV  
  33  3:27  Medivac  
  33  3:32  Orbital Command  
  33  3:34  Marine x2  
  36  3:37  SCV  
  38  3:44  Cyclone  
  41  3:49  Refinery  
  41  3:52  SCV  
  42  3:57  Marine x2  
  42  3:58  Starport Tech Lab  
  42  4:00  SCV  
  45  4:04  SCV  
  45  4:09  Supply Depot  
  46  4:13  SCV  
  46  4:16  Raven, SCV  
  50  4:18  Marine x2  
  52  4:25  Supply Depot  
  52  4:26  SCV  
  52  4:28  SCV  
  54  4:35  Siege Tank  
  54  4:38  SCV  
  58  4:39  Marine x2  
  58  4:40  SCV  
  60  4:50  Supply Depot, SCV  
  60  4:52  SCV  
  56  5:00  Marine x2  
  56  5:02  SCV  
  56  5:03  Raven  
  56  5:04  SCV  
  59  5:14  SCV  
  59  5:15  Siege Tank  
  59  5:16  SCV  
  63  5:26  SCV  
  64  5:33  Command Center, SCV  
  65  5:38  SCV  
  65  5:47  Siege Tank, SCV  
  65  5:48  Raven  
  70  5:51  SCV  
  70  5:52  Supply Depot  
  71  5:58  Refinery  
  71  5:59  Supply Depot, SCV  
  71  6:01  Marine  
  71  6:02  Marine  
  74  6:05  SCV  
  74  6:11  SCV  
  76  6:17  SCV  
  76  6:23  SCV  
  77  6:25  Siege Tank  
  77  6:29  Barracks, Supply Depot, SCV  
  77  6:30  Barracks  
  81  6:35  SCV  
  82  6:41  Marine  
  82  6:42  Viking x2  
  82  6:44  SCV  
  82  6:46  Stimpack  
  88  6:51  Supply Depot, SCV  
  89  6:56  SCV  
  89  6:59  Marine  
  89  7:00  Siege Tank  
  94  7:03  Orbital Command  
  94  7:04  SCV  
  94  7:08  SCV  
  96  7:14  Engineering Bay, Viking  
  96  7:15  Engineering Bay  
  98  7:19  Viking  
  98  7:21  Barracks Reactor  
  98  7:22  Barracks Reactor  
  100  7:26  SCV x2, Marine  
  103  7:31  SCV  
  103  7:35  Supply Depot  
  104  7:38  SCV, Siege Tank  
  104  7:40  SCV  
  109  7:44  Marine  
  109  7:48  Viking  
  109  7:49  Viking  
  113  7:54  Terran Infantry Armor Level 1, Terran Infantry Weapons Level 1  
  113  7:56  Supply Depot, SCV  
  113  7:57  Marine  
  113  7:58  SCV  
  116  8:00  Marine  
  116  8:03  Marine x2  
  116  8:04  SCV, Marine  
  114  8:15  Marine  
  114  8:17  Siege Tank  
  114  8:18  Barracks, Marine  
  114  8:19  Barracks  
  118  8:21  Marine  
  118  8:23  Viking  
  118  8:24  Viking  
  118  8:26  SCV  
  124  8:28  SCV  
  124  8:31  SCV  
  124  8:32  Marine  
  119  8:35  Marine  
  119  8:38  SCV, Marine  
  119  8:39  Marine x2  
  119  8:40  SCV  
  111  8:42  Refinery  
  111  8:43  Combat Shield, SCV  
  111  8:47  Refinery  
  112  8:50  Marine  
  112  8:51  SCV  
  112  8:52  SCV  
  112  8:54  Marine  
  116  8:56  SCV  
  116  8:59  Medivac x2  
  116  9:00  Marine x2  
  123  9:04  Supply Depot  
  123  9:07  Barracks Reactor x2  
  123  9:11  Siege Tank  
  121  9:21  Marine  
  121  9:23  Command Center, Marine x2  
  124  9:27  Marine x2  
  123  9:39  Marine  
  123  9:40  Marine  
  123  9:41  Medivac x2  
  123  9:43  Siege Tank  
  123  9:44  Supply Depot, Marine x4  
  135  9:49  Marine  
  135  9:50  Marine x2  
  138  9:57  Marine  
  133  10:02  Marine x3  
  133  10:03  Marine x2  
  127  10:07  Marine x2  
  127  10:08  Marine  
  127  10:12  Armory  
  130  10:15  Siege Tank, Marine  
  130  10:16  Factory  
  130  10:20  Sensor Tower, Marine x3  
  137  10:22  Marine  
  137  10:23  Marine  
  137  10:25  Marine x2  
  137  10:28  Medivac x2  
  144  10:31  Marine  
  144  10:32  Marine  
  146  10:38  Marine x3  
  146  10:40  Marine x2  
  151  10:43  Marine x2  
  151  10:49  Siege Tank, Marine  
  151  10:50  Marine  
  151  10:55  Marine x2  
  151  10:56  Marine  
  145  10:59  Sensor Tower, Marine x2  
  145  11:00  SCV  
  145  11:03  Marine  
  145  11:04  Marine  
  141  11:07  Liberator x2  
  147  11:22  Barracks Reactor, Marine x7  
  154  11:26  Marine  
  154  11:30  Siege Tank  
  158  11:37  Siege Tank  
  161  11:40  Marine x4  
  161  11:46  Marine x2  
  147  11:47  Marine  
  147  11:48  Marine  
  139  11:56  Planetary Fortress  
  139  11:57  Marine x2  
  139  11:58  Marine x3  
  139  12:01  SCV x2  
  139  12:02  Siege Tank  
  139  12:04  Medivac x2  
  139  12:05  Marine x3  
  150  12:13  Refinery, Marine x2  
  150  12:14  Siege Tank  
  150  12:15  Marine  
  155  12:17  Supply Depot  
  155  12:18  Supply Depot  
  155  12:20  Marine x2  
  155  12:21  Marine  
  159  12:23  Marine  
  159  12:24  Marine  
  161  12:30  Marine  
  161  12:31  Marine  
  161  12:34  Marine x2  
Tags
 
Add a new tag
Caveats
  • Supply blocks, unpowered buildings, or Contaminate may cause inaccurate times.
  • Supply counts are checked every 10 seconds.